 Dungeon Crawl Stone Soup version 0.27-a0-1416-g941b2bd30b (webtiles) character file.

Game seed: 15935678412169623134

3006 wakim the Grappler (level 9, -1/85 HPs)
             Began as a Troll Berserker on July 1, 2021.
             Was a Believer of Trog.
             Slain by a yak (15 damage)
             ... on level 5 of the Dungeon.
             The game lasted 00:14:03 (4641 turns).

wakim the Grappler (Troll Berserker)                Turns: 4641, Time: 00:14:03

Health: -1/85      AC:  5    Str: 28    XL:     9   Next: 54%
Magic:  8/8        EV: 15    Int:  5    God:    Trog [**....]
Gold:   969        SH:  0    Dex:  9    Spells: 8/8 levels left

rFire    + . .     SeeInvis +     - Unarmed
rCold    . . .     Faith    .   (no shield)
rNeg     + . .     Spirit   .   h - +0 robe
rPois    .         Reflect  .   (helmet restricted)
rElec    .         Harm     .   j - +0 cloak
rCorr    .         Rampage  .   (gloves unavailable)
Will     .....                  (boots unavailable)
Stlth    ++........             d - amulet "Degief" {RegenMP rF+ SInv Stlth+}
HPRegen  1.24/turn              c - +4 ring of evasion
MPRegen  0.36/turn              g - ring of positive energy

@: studying Axes
A: large, unfitting armour, claws 3, regeneration 1, shaggy fur 1, tough skin 1
a: Renounce Religion, Berserk, Trog's Hand


You were on level 5 of the Dungeon.
You worshipped Trog.
Trog was pleased with you.
You visited 2 branches of the dungeon, and saw 7 of its levels.

You collected 969 gold pieces.

Inventory:

Missiles
 a - 8 javelins
 f - 8 boomerangs (quivered)
 i - 6 curare-tipped darts {=f}
Armour
 h - a +0 robe (worn)
 j - a +0 cloak (worn)
Jewellery
 c - a +4 ring of evasion (left claw)
 d - the amulet "Degief" (around neck) {RegenMP rF+ SInv Stlth+}
   (You acquired it on level 4 of the Dungeon)

   [amulet of magic regeneration]

   It increases your rate of magic regeneration.
   rF:        It protects you from fire.
   SInv:      It lets you see invisible.
   Stlth:     It makes you more stealthy.
 e - an amulet of faith
 g - a ring of positive energy (right claw)
Scrolls
 b - a scroll of enchant weapon
 r - 3 scrolls of identify
 T - a scroll of teleportation
Potions
 k - 2 potions of resistance {unknown}
 J - a potion of heal wounds
 K - a potion of magic
 M - a potion of mutation {!q}


   Skills:
 - Level 4.6 Fighting
 + Level 4.0 Throwing
 + Level 6.1 Dodging
 * Level 9.9 Unarmed Combat


You had 8 spell levels left.
You didn't know any spells.
Your spell library was empty.

Dungeon Overview and Level Annotations

Branches:
Dungeon (6/15)             Temple (1/1) D:5

Altars:
Ashenzari
Cheibriados
Dithmenos
Elyvilon
Hepliaklqana
Kikubaaqudgha
Nemelex Xobeh
Okawaru
Qazlal
Ru
Uskayaw
Vehumet
Wu Jian
Xom
Yredelemnul
Zin
The Shining One

Portals:
Sewer: D:6

Annotations:
D:6 3 runed translucent doors, PeterLawrence's ghost, novice MiFi


Innate Abilities, Weirdness & Mutations

You are too large for most types of armour.
You have claws for hands.
Your natural rate of healing is unusually fast.
You are covered in fur. (AC +1)
You have tough skin. (AC +1)


Message History

The yak gores you!
* * * LOW HITPOINT WARNING * * *
You see here a yak corpse.
You claw the yak!
The yak is heavily wounded.
The yak closely misses you.
You mangle the yak!!
You kill the yak!
Trog accepts your kill.
Your Throwing skill increases to level 4!
Your skin stops crawling.
You feel less strong-willed.
There is a stone staircase leading down, spattered with blood here.
You climb downwards.
You hear the sound of rushing water.
There is an entrance to a sewer on this level.
Hurry and find it before the portal rusts away!
Level annotation: 3 runed translucent doors, PeterLawrence's ghost, novice MiFi You hear the rusting of a drain very nearby.
The yak closely misses you. The yak gores you!
* * * LOW HITPOINT WARNING * * *
The yak misses you. x2; The yak gores you!
* * * LOW HITPOINT WARNING * * *
The yak closely misses you. The yak gores you.
* * * LOW HITPOINT WARNING * * *
There is a stone staircase leading up, spattered with blood here.
The yak barely misses you. The yak gores you.
* * * LOW HITPOINT WARNING * * *
The yak gores you.
* * * LOW HITPOINT WARNING * * *
The yak misses you. The yak gores you but does no damage.
The yak closely misses you.
You climb upwards.
There is a stone staircase leading down, spattered with blood here.
You barely miss the yak. You claw the yak!
The yak is severely wounded.
The yak gores you.
* * * LOW HITPOINT WARNING * * *
The yak gores you!
* * * LOW HITPOINT WARNING * * *
The yak gores you!
You die...

###.........####.....## #.##
####.#.##.# ##...## #.#
#.#.##.# ##'## #.#
#####...##.# #†# #.#
#..........# #.# #.#
#.###.###..## ##.#########.#
#.##........# ##.Y.......##.#
#.##........###YY...####.##.#
#.##..).......Y@Y....# #.##.#
#.##.####.#.####Y.##.###.##.#
#.........#.# #..##........#
####(######.# #..######.####
#........# #.........#
########## ##.######## #.#
######## #.# #......# #.#


You could see 6 yaks.

Vanquished Creatures
  Maggie (D:6)
  3 yaks
  2 steam dragons
  A water moccasin (D:4)
  A black bear (D:4)
  3 ice beasts
  A necrophage (D:5)
  An ogre (D:4)
  A phantom (D:5)
  A kobold brigand (D:5)
  3 bullfrogs (D:6)
  2 scorpions (D:5)
  A wyvern zombie (D:5)
  2 water moccasin zombies (D:5)
  A water moccasin skeleton (D:5)
  5 wights (D:5)
  A howler monkey (D:6)
  A centaur zombie (D:5)
  An orc priest (D:3)
  A hound (D:3)
  A jelly (D:4)
  A bullfrog skeleton (D:5)
  Jessica (D:2)
  An orc wizard (D:4)
  An iguana (D:5)
  A killer bee zombie (D:6)
  A hound zombie (D:5)
  A mummy (D:4)
  6 adders
  3 gnolls (D:5)
  3 white imps
  4 worms
  A dart slug (D:1)
  8 orcs
  6 ball pythons
  5 endoplasms
  2 giant cockroaches
  9 goblins
  2 hobgoblins (D:1)
  6 jackals (D:2)
  2 quokkas
  6 bats
  3 frilled lizards
  6 kobolds
  4 rats
117 creatures vanquished.

Vanquished Creatures (others)
  3 fungi (D:6)
  A plant (D:6)
4 creatures vanquished.

Grand Total: 121 creatures vanquished

Notes
Turn   | Place    | Note
-------+----------+-------------------------------------------
     0 | D:1      | wakim the Troll Berserker began the quest for the Orb.
     0 | D:1      | Reached XP level 1. HP: 22/22 MP: 0/0
    25 | D:1      | Found a faded altar of an unknown god.
    86 | D:1      | Reached XP level 2. HP: 29/29 MP: 1/1
   875 | D:2      | Reached XP level 3. HP: 32/36 MP: 2/2
   894 | D:2      | Reached ** piety under Trog
  1075 | D:2      | Noticed Jessica
  1078 | D:2      | Killed Jessica
  1079 | D:2      | Reached skill level 4 in Unarmed Combat
  1079 | D:2      | Reached XP level 4. HP: 44/44 MP: 3/3
  1814 | D:3      | Reached XP level 5. HP: 52/53 MP: 4/4
  2257 | D:4      | Reached skill level 5 in Unarmed Combat
  2429 | D:4      | Noticed a black bear
  2435 | D:4      | Killed a black bear
  2436 | D:4      | Reached XP level 6. HP: 61/61 MP: 5/5
  2490 | D:4      | Noticed a water moccasin
  2505 | D:4      | Killed a water moccasin
  2552 | D:4      | Found a snail-covered altar of Cheibriados.
  2589 | D:4      | Reached skill level 6 in Unarmed Combat
  2589 | D:4      | Reached XP level 7. HP: 49/68 MP: 6/6
  2641 | D:4      | Identified 3 scrolls of acquirement
  2641 | D:4      | Acquired an amulet of faith
  2648 | D:4      | Acquired 685 gold pieces
  2650 | D:4      | Acquired the amulet "Degief" {RegenMP rF+ SInv Stlth+}
  2714 | D:4      | Found a hide-covered altar of Uskayaw.
  2936 | D:5      | Entered Level 5 of the Dungeon
  3165 | D:5      | Noticed a steam dragon
  3175 | D:5      | Killed a steam dragon
  3196 | D:5      | Reached skill level 7 in Unarmed Combat
  3208 | D:5      | Reached XP level 8. HP: 64/79 MP: 7/7
  3652 | D:5      | Reached skill level 1 in Throwing
  3694 | D:5      | Reached skill level 8 in Unarmed Combat
  3708 | D:5      | Reached skill level 5 in Dodging
  3781 | D:5      | Found a staircase to the Ecumenical Temple.
  3788 | Temple   | Entered the Ecumenical Temple
  4409 | D:6      | Found a runed translucent gate.
  4409 | D:6      | Found a runed translucent gate.
  4409 | D:6      | Found a runed translucent gate.
  4409 | D:6      | Noticed PeterLawrence's ghost (novice MiFi)
  4410 | D:6      | Noticed a kobold demonologist
  4499 | D:6      | Reached skill level 9 in Unarmed Combat
  4499 | D:6      | Reached XP level 9. HP: 85/85 MP: 8/8
  4537 | D:6      | Found a glowing drain.
  4547 | D:6      | Noticed Maggie
  4564 | D:6      | Killed Maggie
  4597 | D:5      | HP: 3/85 [yak (15)]
  4641 | D:5      | Slain by a yak

Illustrated notes

Levels and vault maps discovered:
D:1:      erik_arrival_orb_chamber, layout_basic, ebering_ecumenical_altar_box,
          amcnicky_mini_rare_corridor_liquid, minmay_tromino_v7
D:2:      layout_basic, kennysheep_minor_cross, minivault_23, uniq_jessica
D:3:      layout_basic, minmay_crystal_room
D:4:      layout_loops_ring, slow_altar_1, nicolae_uskayaw_suspiria
D:5:      layout_loops_corners, temple_green, minmay_manual_mail
D:6:      layout_rooms, gup_sewer_entry_glass, gammafunk_ghost_nasty_kobolds,
          kennysheep_generic_room_9, uniq_maggie
Temple:   regret_index_temple_waves

Skill      XL: |  1  2  3  4  5  6  7  8  9 |
---------------+----------------------------+-----
Unarmed Combat | 4 5 6 7 9 |  9.9
Fighting       | 3 4 |  4.6
Dodging        | 3 4 5 6 |  6.1
Throwing       | 2 4 |  4.0

Action                   |  1- 3 |  4- 6 |  7- 9 || total
-------------------------+-------+-------+-------++-------
Melee: Unarmed           |    90 |   129 |   183 ||   402
       Punch             |     1 |     2 |     7 ||    10
Invok: Trog's Hand       |       |     1 |     3 ||     4
       Berserk           |       |       |     1 ||     1
  Use: Scroll            |     3 |     5 |     9 ||    17
 Stab: Sleeping          |     1 |       |     5 ||     6
Armor: Animal skin       |    12 |       |       ||    12
       Robe              |    12 |    24 |    28 ||    64
Dodge: Dodged            |    65 |    89 |   110 ||   264

Table legend: (Time is in decaauts)
 A = Elapsed time spent in this place.
 B = Non-inter-level travel time spent in this place.
 C = Inter-level travel time spent in this place.
 D = Time resting spent in this place.
 E = Time spent auto-exploring this place.
 F = Levels seen in this place.
 G = Mean time per level.
                   A        B        C        D        E       F      G
               +--------+--------+--------+--------+--------+-----+--------+
         Total |   4602 |   4200 |    402 |      0 |   3210 |   7 |  657.4 |
       Dungeon |   4486 |   4102 |    384 |      0 |   3114 |   6 |  747.7 |
        Temple |    115 |     97 |     18 |      0 |     96 |   1 |  115.0 |
               +--------+--------+--------+--------+--------+-----+--------+

Top non-repeatable levels by time:
     D:5: 1279 daAuts
     D:2: 1038 daAuts
     D:4: 807 daAuts
     D:1: 669 daAuts
     D:3: 509 daAuts
     D:6: 182 daAuts
  Temple: 115 daAuts
